 Dungeon Crawl Stone Soup version 0.22.1-5-g62c59d9 (webtiles) character file.

57 Coldstonesans the Vexing (level 3, 0/21 HPs)
             Began as a Felid Enchanter on Jan 15, 2019.
             Succumbed to an adder's poison
             ... on level 2 of the Dungeon.
             The game lasted 00:07:52 (2823 turns).

Coldstonesans the Vexing (Felid Enchanter)          Turns: 2823, Time: 00:07:52

Health: 0/21       AC: 21    Str:  4    XL:     3   Next: 73%
Magic:  2/7        EV:  4    Int: 17    God:
Gold:   65         SH:  0    Dex: 16    Spells: 0/6 levels left
                                        Lives:  0   Deaths: 0

rFire    + . .     SeeInvis +     - Unarmed
rCold    . . .     Gourm    .   (shield unavailable)
rNeg     + + +     Faith    .   (armour unavailable)
rPois    +         Spirit   .   (helmet unavailable)
rElec    .         Reflect  .   (cloak unavailable)
rCorr    .         Harm     .   (gloves unavailable)
MR       .....     NoTele   +   (boots unavailable)
Stlth    +++.......             (no amulet)
HPRegen  0.07/turn              g - ring of protection from fire
MPRegen  0.10/turn              (no ring)

@: lethally poisoned (0 -> -3), tree-form, drained
A: very small, no armour, no weapons or thrown items, stealth, see invisible,
carnivore, slow metabolism 1
a: no special abilities


You were on level 2 of the Dungeon.
You were very full.
You were a tree.
You visited 1 branch of the dungeon, and saw 2 of its levels.

You collected 65 gold pieces.

Inventory:

Hand Weapons
 a - a +0 club
Jewellery
 g - a ring of protection from fire (left branch)
Scrolls
 c - a scroll of identify {unknown}
 d - a scroll of enchant weapon {unknown}
Comestibles
 b - 3 rations
 f - 2 chunks of flesh


   Skills:
 + Level 3.2 Dodging
 + Level 4.6(4.5) Stealth
 + Level 1.4 Unarmed Combat
 + Level 2.4 Spellcasting
 * Level 5.3 Hexes


You couldn't memorise any spells.
You knew the following spells:

 Your Spells              Type           Power        Failure   Level  Hunger
a - Corona                Hex            ###....      1%          1    #......
b - Ensorcelled Hibernat  Hex/Ice        ##....       10%         2    ##.....
c - Confuse               Hex            ###.....     6%          3    ###....

Your spell library contained the following spells:

 Spells                   Type           Power        Failure   Level  Hunger
 Tukima's Dance           Hex            ###.....     6%          3    ###....
 Dazzling Spray           Conj/Hex       ##....       19%         3    ###....


Dungeon Overview and Level Annotations

Branches:
Dungeon (2/15)

Altars:


Innate Abilities, Weirdness & Mutations

You cannot wear armour.
You are incapable of wielding weapons or throwing items.
Your paws allow you to move quietly. (Stealth)
((You have sharp claws.))
((You have razor-sharp teeth.))
You have supernaturally acute eyesight. (SInv)
You are carnivorous and can eat meat at any time.
((You cover ground quickly.))
((You are covered in fur. (AC +1)))
You have a slow metabolism.
((Your sharp claws are effective at attacking unaware monsters.))


Message History

Aiming: Ensorcelled Hibernation (safe; 10% risk of failure)
Press: ? - help, Shift-Dir - straight line, f - bat
Aim: a bat (chance to defeat MR: 60%)
The bat resists with significant effort.
The bat barely misses you. The bat misses you.
You see here a chunk of flesh.
You scratch the bat.
The bat is severely wounded.
* * * LOW HITPOINT WARNING * * *
You feel sick. The bat misses you. The bat closely misses you.
The bat completely misses you.
You closely miss the bat.
The bat is severely wounded.
The bat barely misses you. The bat hits you.
* * * LOW HITPOINT WARNING * * *
It was a potion of lignification.
You turn into a tree.
Your roots penetrate the ground.
You die...

.............# #.####
## ...###...##.## #.#
#.####..## #.#
##........% #.#
#......#..#.#.#
..#####......##.#.#.#
.....#.......#.. #.#
#....≈≈≈...# #..
#!..≈≈≈≈b♣.#
#...≈≈♣≈≈..#
#...≈≈≈≈≈%.#
#♣...≈≈≈...♣
♣♣.......♣♣ ♣♣..$..♣♣
♣♣...♣♣ ♣.....
♣.......


You could see a bat.

Vanquished Creatures
  An adder (D:2)
  A gnoll (D:1)
  An ooze (D:1)
  A dart slug (D:1)
  3 leopard geckos
  4 bats
  3 goblins
  A hobgoblin (D:2)
  6 jackals (D:1)
  A frilled lizard (D:1)
  6 kobolds
  A rat (D:1)
29 creatures vanquished.

Notes
Turn   | Place    | Note
-------+----------+-------------------------------------------
     0 | D:1      | Coldstonesans the Felid Enchanter began the quest for the
                  | Orb.
     0 | D:1      | Reached XP level 1. HP: 7/7 MP: 4/4
   349 | D:1      | Reached XP level 2. HP: 4/11 MP: 4/6
   658 | D:1      | Learned a level 2 spell: Ensorcelled Hibernation
   951 | D:1      | Reached skill level 5 in Hexes
  1635 | D:1      | Reached XP level 3. HP: 12/14 MP: 7/7
  2377 | D:1      | Learned a level 3 spell: Confuse
  2823 | D:2      | Succumbed to an adder's poison

Skill      XL: |  1  2 |
---------------+-------+-----
Dodging        | 3 |  3.2
Hexes          | 5 |  5.3
Stealth        | |  4.6
Unarmed Combat | |  1.4
Spellcasting   | |  2.4

Action                   || total
-------------------------++-------
Melee: Unarmed           ||   125
       Bite              ||     7
       Punch             ||     3
 Cast: Corona            ||     1
       Ensorcelled Hiber ||    20
       Confuse           ||     1
  Use: Potion            ||     1
 Stab: Sleeping          ||    12
  Eat: Chunk             ||    12
Armor: Skin              ||    11
Dodge: Dodged            ||   121
